 Dungeon Crawl Stone Soup version 0.30.1-11-g7821555f0a (webtiles) character file.

Game seed: 4637794071467855912

98 SacredBeard the Grave Robber (level 4, -2/30 HPs)
             Began as a Demonspawn Necromancer on Nov 30, 2023.
             Succumbed to Sigmund's poison
             ... on level 2 of the Dungeon.
             The game lasted 00:03:39 (1407 turns).

SacredBeard the Grave Robber (DsNe)                 Turns: 1407, Time: 00:03:39

Health: -2/30      AC:  6    Str:  8    XL:     4   Next: 44%
Magic:  4/7        EV: 10    Int: 16    God:
Gold:   54         SH:  0    Dex: 16    Spells: 6/7 levels left

rFire   . . .        l - +0 mace
rCold   . . .        (no shield)
rNeg    + . .        k - +0 ring mail {Will+}
rPois   .            j - +0 helmet
rElec   .            o - scarf {shadows}
rCorr   .            (no gloves)
SInv    .            (no boots)
Will    +....        n - amulet of magic regeneration
Stlth   +            f - ring of positive energy
HPRegen 0.25/turn    (no ring)
MPRegen 0.50/turn

%: no passive effects
@: lethally poisoned (-2 -> -40), invisible
A: powered by death 1, powered by pain 1
a: no special abilities


You were on level 2 of the Dungeon.
You visited 1 branch of the dungeon, and saw 2 of its levels.

You collected 54 gold pieces.

Inventory:

Hand Weapons
 l - a +0 mace (weapon)
Missiles
 d - 16 poisoned darts
 e - 22 stones
 m - 2 curare-tipped darts
Armour
 j - a +0 helmet (worn)
 k - a +0 ring mail of willpower (worn)
 o - a scarf of shadows (worn)
Jewellery
 f - a ring of positive energy (left hand)
 n - an amulet of magic regeneration (around neck)
Scrolls
 c - 2 scrolls of poison {unknown}
 g - a scroll of summoning {unknown}
 h - 2 scrolls of identify {unknown}
 i - a scroll of teleportation {unknown}
Potions
 a - a potion of invisibility
 b - a potion of magic


   Skills:
 - Level 2.0 Dodging
 - Level 2.0 Stealth
 - Level 2.0 Spellcasting
 + Level 6.3 Necromancy


You had 6 spell levels left.
You knew the following spells:

 Your Spells              Type           Power      Damage    Failure   Level
a - Necrotise             Necr           88%        1d8       4%          1

Your spell library contained the following spells:

 Spells                   Type           Power      Damage    Failure   Level
 Vampiric Draining        Necr           22%        2d7       14%         3
 Animate Dead             Necr           22%        N/A       43%         4
 Agony                    Necr           22%        N/A       78%         5


Dungeon Overview and Level Annotations

Branches:
Dungeon (2/15) Zot: 10594

Altars:

Annotations:
D:2 Sigmund


Innate Abilities, Weirdness & Mutations

You regenerate a little health from kills.
You sometimes gain a little power by taking damage.


Message History

Sigmund writhes in agony.
Sigmund writhes in agony!
Sigmund gestures wildly while chanting.
Sigmund flickers and vanishes!
Deactivating autopickup; reactivate with Ctrl-A.
You can't go up here!
Casting: Necrotise (safe; 4% risk of failure)
Confirm with . or Enter, or press ? or * to list all spells.
You can't see any susceptible monsters within range! (Use Z to cast anyway.) Unknown command.
Unknown command.
Casting: Necrotise (safe; 4% risk of failure)
Confirm with . or Enter, or press ? or * to list all spells.
Aiming: Necrotise (safe; 4% risk of failure)
Press: ? - help, Shift-Dir - straight line Something writhes in agony!
Something hits you but does no damage.
You are poisoned.
Casting: Necrotise (safe; 4% risk of failure)
Confirm with . or Enter, or press ? or * to list all spells.
Aiming: Necrotise (safe; 4% risk of failure)
Press: ? - help, Shift-Dir - straight line Something writhes in agony.
You feel sick.
Casting: Necrotise (safe; 4% risk of failure)
Confirm with . or Enter, or press ? or * to list all spells.
Aiming: Necrotise (safe; 4% risk of failure)
Press: ? - help, Shift-Dir - straight line Something writhes in agony.
You feel sick. Something hits you.
You are more poisoned.
Casting: Necrotise (safe; 4% risk of failure)
Confirm with . or Enter, or press ? or * to list all spells.
Aiming: Necrotise (safe; 4% risk of failure)
Press: ? - help, Shift-Dir - straight line Something writhes in agony.
You feel very sick. Something hits you!
* * * LOW HITPOINT WARNING * * *
You are more poisoned.
It was a potion of invisibility.
You fade into invisibility!
You die...

#....... ##.......
#.......## #........#
###### #........#
#.....
#........#######.....
#...>..............
#Z@..#.#######.....
#.####.# #####.....
..{ #.# #........#
#...# #.# #.........
#... #.# #.........
#... #.###.........
### #...#.........
#.#.........
#.#.........


You could see a friendly quokka skeleton.

Vanquished Creatures
  Natasha (thrice) (D:2)
  5 ball pythons
  A bat (D:1)
  An endoplasm (D:1)
  2 giant cockroaches (D:1)
  A goblin (D:1)
  A hobgoblin (D:2)
  3 quokkas
  A frilled lizard (D:1)
  2 kobolds (D:2)
  A rat (D:1)
21 creatures vanquished.

Vanquished Creatures (collateral kills)
  An endoplasm (D:1)
  2 ball pythons (D:1)
3 creatures vanquished.

Grand Total: 24 creatures vanquished

Notes
Turn   | Place    | Note
-------+----------+-------------------------------------------
     0 | D:1      | SacredBeard the Demonspawn Necromancer began the quest for
                  | the Orb.
     0 | D:1      | Reached XP level 1. HP: 13/13 MP: 3/3
   310 | D:1      | Gained mutation: You regenerate a little health from kills.
                  | [demonic ancestry]
   310 | D:1      | Reached XP level 2. HP: 19/19 MP: 1/5
   642 | D:1      | Reached skill level 5 in Necromancy
   986 | D:2      | Found a faded altar of an unknown god.
   989 | D:2      | Noticed Natasha
   995 | D:2      | Killed Natasha
   996 | D:2      | Reached XP level 3. HP: 18/24 MP: 1/6
  1088 | D:2      | Noticed Natasha
  1092 | D:2      | Killed Natasha
  1093 | D:2      | Reached skill level 6 in Necromancy
  1093 | D:2      | Gained mutation: You sometimes gain a little power by
                  | taking damage. [demonic ancestry]
  1093 | D:2      | Reached XP level 4. HP: 30/30 MP: 2/7
  1241 | D:2      | Noticed Natasha
  1247 | D:2      | Killed Natasha
  1400 | D:2      | Noticed Sigmund
  1407 | D:2      | Succumbed to Sigmund's poison

Illustrated notes

Levels and vault maps discovered:
D:1:      minmay_arrival_stone_box, layout_loops_cross
D:2:      layout_rooms, chequers_ecumenical_altar_simple, uniq_natasha,
          uniq_sigmund

Skill      XL: |  1  2  3 |
---------------+----------+-----
Stealth        | 2 |  2.0
Dodging        | 2 |  2.0
Necromancy     | 5 6 |  6.3
Spellcasting   | |  2.0

Action                     |  1- 3 |  4- 6 || total
---------------------------+-------+-------++-------
  Throw: Dart              |     2 |       ||     2
   Cast: Necrotise         |    30 |    19 ||    49
    Use: Potion            |       |     1 ||     1
 Armour: Ring mail         |       |     2 ||     2
  Dodge: Dodged            |     2 |     1 ||     3
